 Dungeon Crawl Stone Soup version 0.26-a0-1131-g5f66e2dd50 (webtiles) character file.

Game seed: 3340688589904351516

1054 Froggeryz the Cleaver (level 8, -1/59 HPs)
             Began as a Formicid Gladiator on Dec 19, 2020.
             Was a Follower of Okawaru.
             Slain by a gnoll sergeant
             ... wielding a +3 trident of flaming
              (11 damage)
             ... on level 5 of the Dungeon.
             The game lasted 00:07:22 (5630 turns).

Froggeryz the Cleaver (Formicid Gladiator)          Turns: 5630, Time: 00:07:23

Health: -1/59      AC:  7    Str: 21    XL:     8   Next: 51%
Magic:  7/8        EV: 11    Int:  8    God:    Okawaru [*.....]
Gold:   219        SH:  0    Dex: 12    Spells: 7/7 levels left

rFire    . . .     SeeInvis +   o - +0 hand axe
rCold    . . .     Faith    .   (no shield)
rNeg     . . .     Spirit   .   j - +0 scale mail
rPois    +         Reflect  .   (helmet unavailable)
rElec    .         Harm     .   q - +0 cloak (curse)
rCorr    .         Rampage  .   (no gloves)
Will     .....                  (no boots)
Stlth    +.........             m - amulet of the acrobat
HPRegen  0.19/turn              f - ring of poison resistance
MPRegen  0.11/turn              d - ring of stealth

@: studying Polearms
A: permanent stasis, dig shafts and tunnels, four strong arms, antennae 3
a: Dig, Shaft Self, Renounce Religion, Heroism


You were on level 5 of the Dungeon.
You worshipped Okawaru.
Okawaru was aware of your devotion.
You visited 1 branch of the dungeon, and saw 5 of its levels.

You collected 219 gold pieces.

Inventory:

Hand Weapons
 a - a +0 war axe
 o - a +0 hand axe (weapon)
Missiles
 c - 2 throwing nets (quivered)
Armour
 j - a +0 scale mail (worn)
 q - a cursed +0 cloak (worn)
Jewellery
 d - a ring of stealth (right hand)
 f - a ring of poison resistance (left hand)
 m - an amulet of the acrobat (around neck)
Scrolls
 e - a scroll of teleportation {unknown}
 g - a scroll of identify
 p - 2 scrolls of remove curse
Potions
 b - a potion of lignification
 h - a potion of resistance
 i - a potion of cancellation
 k - a potion of flight
 n - 3 potions of mutation
Books
 l - a manual of Polearms


   Skills:
 + Level 3.6 Fighting
 * Level 9.1 Axes
 - Level 2.0 Throwing
 - Level 3.0 Armour
 - Level 2.6 Dodging


You had 7 spell levels left.
You didn't know any spells.
Your spell library was empty.

Dungeon Overview and Level Annotations

Branches:
Dungeon (5/15)
 Temple: D:4-7

Altars:
Dithmenos
Okawaru
Uskayaw
Xom
Yredelemnul

Annotations:
D:5 1 transporter, rlgrobin's ghost, weakling KoDe


Innate Abilities, Weirdness & Mutations

You cannot be hasted, slowed, berserked, paralysed or teleported.
You can dig through walls and to a lower floor.
Your four strong arms can wield two-handed weapons with a shield.
You have a pair of large antennae on your head. (SInv)


Message History

The gnoll sergeant is moderately wounded.
You feel like a meek peon again. The gnoll closely misses you.
The gnoll sergeant misses you. The gnoll sergeant closely misses you.
You barely miss the gnoll. You barely miss the gnoll sergeant.
The gnoll closely misses you.
The gnoll sergeant completely misses you.
You closely miss the gnoll sergeant.
The gnoll sergeant is moderately wounded.
You hit the gnoll.
The gnoll sergeant hits you with a +3 trident of flaming!
* * * LOW HITPOINT WARNING * * *
The gnoll sergeant burns you.
* * * LOW HITPOINT WARNING * * *
The gnoll closely misses you.
You closely miss the gnoll sergeant.
The gnoll sergeant is lightly wounded.
You completely miss the gnoll.
The gnoll sergeant hits you with a +3 trident of flaming!
You die...

#..≈≈≈≈≈≈≈≈≈≈≈≈≈≈≈≈≈≈≈≈≈≈≈≈≈..
#..≈≈≈≈≈≈≈≈≈≈≈≈≈≈≈≈≈≈≈≈≈≈≈≈≈..
#..≈≈#####...........#####≈≈..
#..≈≈#.#.#.###.©.###.#.#.#≈≈..
#..≈≈#...###.#####.###..g#≈≈..
#..≈≈###...............###≈≈..
####..≈≈.8#g##'###'######.#8.≈≈..
......≈≈.##.#...#))8#g..#.##.≈≈..
......≈≈.#..'..g@.©⌠#:..'.W#.≈≈..
......≈≈.##.#...#g)8#...#.##.≈≈..
......≈≈.8#.##'###'######.#8.≈≈..
......≈≈###g..............###≈≈..
......≈≈#...###.#####©###...#≈≈..
......≈≈#.#.#.###.©.###.#.#g#≈≈..
......≈≈#####...........#####≈≈..
......≈≈≈≈≈≈≈≈≈≈≈...≈≈≈≈≈≈≈≈≈≈≈..
#.....≈≈≈≈≈≈≈≈≈≈≈...≈≈≈≈≈≈≈≈≈≈≈.#


You could see 2 gnoll sergeants and a gnoll.

Vanquished Creatures
  Sigmund (D:4)
  An ice beast (D:4)
  A sky beast (D:5)
  A howler monkey (D:4)
  A wight (D:4)
  A quasit (D:5)
  3 hounds
  4 orc wizards
  A centaur skeleton (D:4)
  A gnoll shaman (D:5)
  A bullfrog skeleton (D:2)
  3 worker ants
  A hound skeleton (D:5)
  4 gnolls (D:5)
  9 adders
  A white imp (D:5)
  2 oozes
  3 worms
  3 leopard geckos
  13 orcs
  5 giant cockroaches
  10 goblins
  4 hobgoblins
  6 jackals (D:4)
  2 quokkas
  A ball python (D:2)
  7 bats
  2 frilled lizards
  4 kobolds
  A leopard gecko skeleton (D:4)
  A quokka skeleton (D:5)
  10 rats
108 creatures vanquished.

Vanquished Creatures (others)
  6 plants (D:5)
6 creatures vanquished.

Grand Total: 114 creatures vanquished

Notes
Turn   | Place    | Note
-------+----------+-------------------------------------------
     0 | D:1      | Froggeryz the Formicid Gladiator began the quest for the
                  | Orb.
     0 | D:1      | Reached XP level 1. HP: 16/16 MP: 1/1
   310 | D:1      | Reached XP level 2. HP: 19/22 MP: 2/2
   855 | D:1      | Reached skill level 1 in Armour
  1205 | D:2      | Reached skill level 4 in Axes
  1205 | D:2      | Reached XP level 3. HP: 24/27 MP: 3/3
  1240 | D:2      | Reached XP level 4. HP: 30/33 MP: 4/4
  1907 | D:2      | Reached XP level 5. HP: 11/38 MP: 5/5
  2227 | D:3      | Reached skill level 5 in Axes
  3116 | D:3      | Reached XP level 6. HP: 33/44 MP: 6/6
  3299 | D:4      | Reached skill level 6 in Axes
  3448 | D:4      | Noticed Sigmund
  3480 | D:4      | Killed Sigmund
  3481 | D:4      | Reached skill level 7 in Axes
  3481 | D:4      | Reached XP level 7. HP: 50/50 MP: 7/7
  3557 | D:4      | Found a hide-covered altar of Uskayaw.
  3561 | D:4      | Found a basalt altar of Yredelemnul.
  3561 | D:4      | Found an iron altar of Okawaru.
  3561 | D:4      | Found a shimmering altar of Xom.
  3659 | D:4      | Became a worshipper of Warmaster Okawaru
  3706 | D:4      | You fall into a shaft and drop 1 floor!
  3706 | D:5      | Entered Level 5 of the Dungeon
  3706 | D:5      | Found a shadowy altar of Dithmenos.
  3798 | D:5      | Found a transporter.
  4536 | D:4      | Reached skill level 8 in Axes
  4899 | D:4      | Reached * piety under Okawaru
  4900 | D:4      | Reached XP level 8. HP: 37/57 MP: 8/8
  5474 | D:5      | Noticed rlgrobin's ghost (weakling KoDe)
  5603 | D:5      | Found a transporter.
  5614 | D:5      | Reached skill level 9 in Axes
  5630 | D:5      | Slain by a gnoll sergeant

Illustrated notes

Levels and vault maps discovered:
D:1:      sevenhm_arrival_forest_fort_small_4, layout_basic,
          minmay_misc_feat_diagonals, minmay_misc_feat_room
D:2:      layout_rooms
D:3:      layout_rooms
D:4:      layout_basic, grunt_temple_overflow_open, uniq_sigmund
D:5:      layout_rooms, serial_glass, glass_columns_b, glass_columns_a,
          basic_altar, gammafunk_ghost_gnarly_gnolls, kennysheep_doodads,
          nrook_mini_vaults, minmay_manual_moon

Skill      XL: |  1  2  3  4  5  6  7  8 |
---------------+-------------------------+-----
Armour         | 1 2 3 |  3.0
Axes           | 4 5 7 8 9 |  9.1
Fighting       | 3 |  3.6
Throwing       | |  2.0
Dodging        | |  2.6

Action                   |  1- 3 |  4- 6 |  7- 9 || total
-------------------------+-------+-------+-------++-------
Melee: War axe           |    45 |    77 |       ||   122
       Hand axe          |       |   153 |   214 ||   367
       Punch             |       |       |     1 ||     1
Throw: Throwing net      |       |     4 |       ||     4
Invok: Heroism           |       |       |     1 ||     1
 Abil: Dig               |       |       |     2 ||     2
  Use: Scroll            |       |     9 |       ||     9
       Potion            |       |     1 |     3 ||     4
 Stab: Held in net/web   |       |     1 |       ||     1
       Invisible         |       |       |     8 ||     8
Armor: Leather armour    |     2 |       |       ||     2
       Scale mail        |     6 |   101 |    98 ||   205
Dodge: Dodged            |    29 |   177 |   274 ||   480

Table legend: (Time is in decaauts)
 A = Elapsed time spent in this place.
 B = Non-inter-level travel time spent in this place.
 C = Inter-level travel time spent in this place.
 D = Time resting spent in this place.
 E = Time spent auto-exploring this place.
 F = Levels seen in this place.
 G = Mean time per level.
                   A        B        C        D        E       F      G
               +--------+--------+--------+--------+--------+-----+--------+
         Total |   5658 |   5455 |    203 |   1503 |   2848 |   5 | 1131.6 |
       Dungeon |   5658 |   5455 |    203 |   1503 |   2848 |   5 | 1131.6 |
               +--------+--------+--------+--------+--------+-----+--------+

Top non-repeatable levels by time:
     D:4: 1595 daAuts
     D:3: 1161 daAuts
     D:1: 1139 daAuts
     D:2: 1011 daAuts
     D:5: 750 daAuts
